Map: Blackpink РВ

Players

FAQ - Winner!

  • Race: Terran Terran
  • Spawn Location: 7:00

Читер 1 (ресурсы)

  • Race: Zerg Zerg
  • Spawn Location: 1:00

VOD

Have the link to the VOD?

Description

Time

  • Played on: April 19, 2018, 10:18 a.m.
  • Length: 8:22
Show
View Real Time Build Order
Export as new Build Order

FAQ Terran - Winner!

Build Orders:  

Get SALT Encoding   

  12  0:01  SCV  
  13  0:13  SCV  
  14  0:21  Supply Depot  
  14  0:25  SCV  
  15  0:30  Refinery  
  15  0:43  SCV  
  15  0:47  Barracks  
  16  0:55  SCV  
  17  1:01  Refinery  
  17  1:07  SCV  
  18  1:19  SCV  
  19  1:31  SCV  
  20  1:33  Supply Depot  
  20  1:45  Factory  
  20  1:46  Barracks Reactor  
  20  1:51  Orbital Command  
  20  2:08  Factory  
  20  2:19  SCV  
  21  2:24  Marine x2  
  23  2:32  Widow Mine  
  25  2:37  Supply Depot  
  25  2:39  SCV  
  26  3:08  Cyclone x3  
  35  3:13  SCV, Supply Depot  
  36  3:40  Supply Depot, Cyclone x2  
  42  3:44  Hellion  
  44  4:05  Cyclone  
  44  4:07  SCV, Supply Depot  
  48  4:25  Cyclone  
  48  4:28  Hellion  
  53  4:37  Cyclone  
  53  5:23  Cyclone x2  
  55  5:49  Cyclone  
  50  5:55  Cyclone  
  50  5:56  Hellion  
  53  6:09  Marine  
  54  6:17  Cyclone  
  54  6:21  Hellion  
  56  6:26  Marine  
  56  6:27  SCV  
  56  6:28  Hellion  
  60  6:39  SCV  
  61  6:56  SCV  
  57  7:25  Marine  
  57  7:26  Cyclone  
  61  7:34  Cyclone  
  61  7:35  Cyclone  
  64  7:43  Marine  
Show
View Real Time Build Order
Export as new Build Order

Читер 1 (ресурсы) Zerg 

Build Orders: Pool First 

Get SALT Encoding   

  12  0:00  Drone  
  13  0:12  Overlord  
  13  0:17  Drone  
  14  0:30  Drone x2  
  14  0:34  Drone  
  17  0:48  Spawning Pool  
  17  0:49  Drone  
  17  1:11  Hatchery  
  16  1:14  Drone  
  16  1:17  Extractor  
  16  1:19  Drone  
  16  1:23  Extractor  
  16  1:24  Drone  
  17  1:28  Drone  
  18  1:38  Drone  
  19  1:49  Overlord  
  19  1:50  Queen  
  21  2:00  Zergling x2  
  22  2:10  Drone  
  23  2:21  Drone  
  25  2:22  Drone  
  25  2:25  Queen  
  27  2:32  Drone  
  27  2:33  Drone  
  29  2:43  Roach Warren  
  28  2:46  Drone  
  28  2:49  Drone  
  30  2:53  Zergling x2  
  30  2:55  Zergling x2  
  32  3:02  Overlord  
  32  3:04  Drone  
  33  3:07  Drone  
  34  3:23  Roach x2  
  34  3:24  Roach  
  34  3:26  Roach  
  42  3:31  Lair  
  42  3:40  Spore Crawler, Drone  
  42  3:45  Spore Crawler  
  42  3:47  Drone  
  42  3:52  Overlord  
  42  3:58  Overlord  
  42  4:00  Zergling x2  
  43  4:03  Zergling x2  
  44  4:10  Drone x2, Zergling x2  
  44  4:11  Drone  
  44  4:13  Drone  
  44  4:16  Drone  
  50  4:20  Overlord  
  50  4:23  Roach  
  52  4:27  Roach  
  52  4:29  Roach  
  56  4:32  Roach  
  56  4:35  Overlord, Overseer  
  58  4:39  Overlord  
  58  4:44  Drone  
  58  4:45  Hydralisk Den, Drone  
  58  4:48  Drone  
  58  4:50  Roach  
  62  4:53  Roach  
  62  4:56  Overlord  
  64  5:02  Drone  
  64  5:04  Drone  
  64  5:05  Drone  
  68  5:07  Drone  
  68  5:09  Drone  
  68  5:10  Drone  
  68  5:11  Drone  
  68  5:14  Drone, Hydralisk  
  71  5:16  Hydralisk  
  71  5:18  Zergling x2  
  67  5:24  Zergling x2  
  64  5:28  Hydralisk  
  64  5:34  Hydralisk  
  64  5:35  Drone, Zergling x2  
  70  5:36  Roach  
  70  5:39  Roach, Zergling x4  
  70  5:40  Drone  
  73  5:46  Drone  
  58  5:51  Roach  
  60  5:57  Roach  
  60  6:01  Ravager  
  60  6:02  Roach  
  60  6:03  Spine Crawler  
  61  6:08  Zergling x2  
  61  6:09  Queen  
  61  6:10  Hydralisk  
  61  6:11  Zergling x4  
  60  6:13  Zergling x2  
  54  6:19  Zergling x2  
  54  6:24  Spine Crawler, Zergling x2  
  51  6:27  Roach Warren  
  51  6:29  Zergling x2  
  47  6:35  Zergling x2  
  46  6:40  Zergling x2  
  46  6:45  Drone  
  39  6:51  Zergling x2  
  36  6:56  Zergling x2  
  35  7:02  Zergling x2  
  35  7:07  Drone  
  33  7:12  Drone  
  12  7:24  Roach  
  7  7:34  Drone  
  4  7:45  Drone  
  4  7:55  Drone  
Tags
 
Matchup
ЗvТ
Opening
Pool First
Spawn Locations
Cross Positions
Add a new tag
Caveats
  • Supply blocks, unpowered buildings, or Contaminate may cause inaccurate times.
  • Supply counts are checked every 10 seconds.